 Dungeon Crawl Stone Soup version 0.24-a0-439-g6dd8730de2 (webtiles) character file.

Game seed: 5886790149833299710

70 galech the Skirmisher (level 4, 35/35 HPs)
             Began as a Demonspawn Fighter on June 18, 2019.
             Quit the game on level 2 of the Dungeon.
             The game lasted 00:01:28 (1189 turns).

galech the Skirmisher (Demonspawn Fighter)          Turns: 1189, Time: 00:01:29

Health: 35/35      AC:  9    Str: 17    XL:     4   Next: 3%
Magic:  4/4        EV:  7    Int:  9    God:
Gold:   67         SH:  9    Dex: 13    Spells: 3/3 levels left

rFire    . . .     SeeInvis .   a - +0 war axe
rCold    + . .     Gourm    .   c - +0 shield
rNeg     . . .     Faith    .   b - +0 scale mail
rPois    .         Spirit   +   (no helmet)
rElec    .         Reflect  .   (no cloak)
rCorr    .         Harm     .   (no gloves)
MR       .....                  h - +0 pair of boots (curse)
Stlth    ..........             g - amulet of guardian spirit
HPRegen  0.11/turn              (no ring)
MPRegen  0.09/turn              (no ring)

@: no status effects
A: icy blue scales 1, cold resistance 1, rot immunity
a: no special abilities


You were on level 2 of the Dungeon.
You were not hungry.

You visited 1 branch of the dungeon, and saw 2 of its levels.

You collected 67 gold pieces.

Inventory:

Hand Weapons
 a - a +0 war axe (weapon)
Armour
 b - a +0 scale mail (worn)
 c - a +0 shield (worn)
 h - a cursed +0 pair of boots (worn)
Jewellery
 g - an amulet of guardian spirit (around neck)
Scrolls
 e - a scroll of identify {unknown}
 i - a scroll of enchant weapon {unknown}
 j - a scroll of amnesia {unknown}
Potions
 d - 2 potions of might
 l - a potion of agility {unknown}
 m - a potion of curing {unknown}
 n - a potion of brilliance {unknown}
Comestibles
 f - 4 rations
 k - 6 chunks of flesh


   Skills:
 + Level 3.3 Fighting
 + Level 2.6 Axes
 + Level 3.1 Armour
 + Level 0.3 Dodging
 + Level 0.4 Stealth
 + Level 3.1 Shields


You had 3 spell levels left.
You didn't know any spells.
Your spell library was empty.

Dungeon Overview and Level Annotations

Branches:
Dungeon (2/15)

Altars:


Innate Abilities, Weirdness & Mutations

You are partially covered in icy blue scales. (AC +2)
Your flesh is cold resistant. (rC+)
You are immune to rotting.


Message History

You barely miss the leopard gecko.
The leopard gecko bites you but does no damage.
You closely miss the leopard gecko.
The leopard gecko bites you but does no damage.
The leopard gecko bites you.
You slash the leopard gecko!
You kill the leopard gecko!
No target in view!
No target in view!
No target in view!
No target in view!
No target in view!
No target in view!
No target in view!
You see here a leopard gecko corpse.
You butcher the leopard gecko corpse.
k - 6 chunks of flesh (gained 2)
You see here a leopard gecko skeleton.
Found 22 bolts.
Are you sure you want to abandon this character and quit the game? (Confirm with "yes".)

..# #.# ###
..# #.#...
..(
..#####.#.#
#.#
..........#
#.#
#.#####.###
#.# #.# #รท#
#.# #.#
#.###### #.#
#.# #......#
#.# ...
######.# #@#
### #.# #.#
######.###.#
............#
#######.#####
#.# #.# ..#
###


There were no monsters in sight!

Vanquished Creatures
  An adder (D:2)
  An ooze (D:2)
  A worm (D:2)
  A dart slug (D:1)
  2 leopard geckos
  A ball python (D:1)
  2 giant cockroaches (D:2)
  7 hobgoblins (D:1)
  7 jackals
  A quokka (D:2)
  4 bats (D:1)
  4 frilled lizards
  6 goblins
  6 kobolds
  3 rats (D:1)
47 creatures vanquished.

Notes
Turn   | Place    | Note
-------+----------+-------------------------------------------
     0 | D:1      | galech the Demonspawn Fighter began the quest for the Orb.
     0 | D:1      | Reached XP level 1. HP: 18/18 MP: 1/1
   121 | D:1      | Gained mutation: You are partially covered in icy blue
                  | scales. (AC +2) [demonic ancestry]
   121 | D:1      | Reached XP level 2. HP: 18/24 MP: 2/2
   345 | D:1      | Gained mutation: You are immune to rotting. [demonic
                  | ancestry]
   345 | D:1      | Reached XP level 3. HP: 25/29 MP: 3/3
  1141 | D:2      | Gained mutation: Your flesh is cold resistant. (rC+)
                  | [demonic ancestry]
  1141 | D:2      | Reached XP level 4. HP: 34/35 MP: 4/4
  1189 | D:2      | Quit the game

Levels and vault maps discovered:
D:1:      dpeg_chamrin_arrival_tetris, layout_basic
D:2:      layout_loops_ring, chequers_temple_overflow_statue_of_worship,
          chequers_serial_rivers_large_b

Skill      XL: |  1  2  3 |
---------------+----------+-----
Axes           | 2 |  2.6
Shields        | 3 |  3.1
Armour         | 3 |  3.1
Fighting       | |  3.3
Dodging        | |  0.3
Stealth        | |  0.4

Action                   |  1- 3 |  4- 6 || total
-------------------------+-------+-------++-------
Melee: War axe           |   140 |     3 ||   143
  Eat: Chunk             |     1 |       ||     1
Armor: Scale mail        |    76 |     3 ||    79
Dodge: Dodged            |    57 |       ||    57
Block: Shield            |    63 |     1 ||    64

Table legend:
 A = Non-vault XP
 B = Vault XP
 C = Vault XP percentage of total XP
 D = Non-vault monster count
 E = Vault monster count
 F = Vault count percentage of total count
                 A         B        C        D         E       F
            +---------+---------+-------+---------+---------+-------
      Total |     100 |       0 |   0.0 |      47 |       0 |   0.0
            +---------+---------+-------+---------+---------+-------
        D:1 |      54 |       0 |   0.0 |      32 |       0 |   0.0
        D:2 |      46 |       0 |   0.0 |      15 |       0 |   0.0
            +---------+---------+-------+---------+---------+-------
